 Dungeon Crawl Stone Soup version 0.32-a0-747-gc8563f6773 (webtiles) character file.

Game seed: 6891397563898873876

207 jasper the Trooper (level 5, -6/29 HPs)
             Began as a Vine Stalker Fighter on Mar 17, 2024.
             Mangled by Sigmund
             ... wielding a +5 heavy scythe
              (11 damage)
             ... on level 4 of the Dungeon.
             The game lasted 00:04:01 (2292 turns).

jasper the Trooper (Vine Stalker Fighter)           Turns: 2292, Time: 00:04:02

Health: -6/29      AC:  6    Str: 18    XL:     5   Next: 85%
Magic:  0/6        EV:  8    Int:  8    God:
Gold:   230        SH:  5    Dex: 16    Spells: 4/4 levels left

rFire   . .          .
                       - Unarmed
rCold   + . .        b - +0 buckler
rNeg    . . .        a - +0 scale mail
rPois   +            (no helmet)
rElec   .            (no cloak)
rCorr   .            (no gloves)
SInv    .            (no boots)
Will    .....        (no amulet) Stlth
                     f - ring of protection from cold
HPRegen 1.04/turn    m - ring of poison resistance
MPRegen 0.10/turn

%: guardian spirit
@: no status effects
A: fangs 2, regeneration 1, magic shield, antimagic bite, no potion heal 2
a: no special abilities


You were on level 4 of the Dungeon.
You visited 1 branch of the dungeon, and saw 4 of its levels.

You collected 230 gold pieces.

Inventory:

Missiles
 d - 69 stones (quivered)
 e - 4 javelins
 t - 7 boomerangs
Armour
 a - a +0 scale mail (worn)
 b - a +0 buckler (worn)
Jewellery
 f - a ring of protection from cold (left hand)
 m - a ring of poison resistance (right hand)
 n - a ring of flight
Potions
 g - a potion of curing
 h - 2 potions of enlightenment {unknown}
 i - a potion of cancellation {unknown}
 l - a potion of invisibility {unknown}
 p - 2 potions of ambrosia {unknown}


   Skills:
 + Level 4.0 Fighting
 - Level 2.4 Armour
 - Level 4.0 Shields
 + Level 3.6 Unarmed Combat


You had 4 spell levels left.
You didn't know any spells.
Your spell library contained the following spells:

 Spells                   Type           Power      Damage    Failure   Level
 Stone Arrow              Conj/Erth      0%         3d7       99%         3
 Animate Armour           Summ/Erth      0%         N/A       100%        4
 Lehudib's Crystal Spear  Conj/Erth      0%         10d2      100%        8


Dungeon Overview and Level Annotations

Branches:
Dungeon (4/15)
 Temple: D:4-7

Altars:
Ashenzari

Annotations:
D:4 Sigmund


Innate Abilities, Weirdness & Mutations

You have extremely sharp teeth.
Your natural rate of healing is unusually fast.
When hurt, damage is shared between your health and your magic reserves.
Your bite disrupts and absorbs the magic of your enemies.
Potions cannot restore your health.


Message History

Found a flail.
Key pressed, stopping explore.
Sigmund the Dreaded comes into view.
He is wielding a +5 heavy scythe.
Sigmund shouts!
Sigmund points at you and mumbles some strange words.
You resist with some effort.
Sigmund is nearby!
Sigmund is nearby!
Sigmund mumbles some strange words.
Sigmund flickers and vanishes!
Deactivating autopickup; reactivate with Ctrl-A.
You hear some strange, mumbled words.
You are confused.
Your system rejects the healing.
You feel better. Something hits you!!
Ouch! That really hurt!
You take 18 damage, and have 11/29 hp.
MASSIVE DAMAGE!!
You now have 3/6 mp.
You hit something. You bite something. You drain its magic.
You feel invigorated. Something hits you!
* * * LOW HITPOINT WARNING * * *
You take 9 damage, and have 3/29 hp.
MASSIVE DAMAGE!!
You now have 1/6 mp.
You hit something. Your bite misses something.
Okay, then.
You aren't carrying any items that you can evoke.
Unknown command.
Throw: throwing net
Press: ? - help, Shift-Dir - straight line You throw a throwing net.
Something hits you.
* * * LOW HITPOINT WARNING * * *
You take 2 damage, and have 2/29 hp.
You hit something but do no damage. You bite something. You drain its magic.
You feel invigorated.
MP restored: 6 You barely miss something.
Something hits you.
* * * LOW HITPOINT WARNING * * *
You take 1 damage, and have 2/29 hp.
You now have 3/6 mp.
You closely miss something. You miss something. Your bite misses something.
You closely miss something. Something hits you!
You die...

########### #
#~.....#.÷# #.
#~........#
#..######.###..#
#.........#[##@#
##...........#.{.#
#)..............(#
#.#######..#########
#................
##..#...####.###.
#....#.###.#.#
#.####....# ##### ##
### # # #.##.#♣
§.~♣♣§♣ §≈♣♣.#


There were no monsters in sight!

Vanquished Creatures
  An ogre (D:4)
  3 adders
  2 dart slugs
  3 ribbon worms
  2 orcs (D:3)
  5 ball pythons
  2 endoplasms (D:1)
  A giant cockroach (D:1)
  9 goblins
  10 hobgoblins
  10 jackals
  7 kobolds
  6 quokkas
  5 bats
  A frilled lizard (D:3)
  9 rats
76 creatures vanquished.

Notes
Turn   | Place    | Note
-------+----------+-------------------------------------------
     0 | D:1      | jasper the Vine Stalker Fighter began the quest for the
                  | Orb.
     0 | D:1      | Reached XP level 1. HP: 11/11 MP: 2/2
    67 | D:1      | Reached XP level 2. HP: 16/16 MP: 3/3
   258 | D:1      | Reached XP level 3. HP: 20/20 MP: 4/4
   441 | D:1      | Found a faded altar of an unknown god.
   798 | D:2      | Reached XP level 4. HP: 20/24 MP: 5/5
  1785 | D:3      | Reached XP level 5. HP: 28/28 MP: 6/6
  2139 | D:4      | Noticed an ogre
  2144 | D:4      | Killed an ogre
  2241 | D:4      | Found a broken altar of Ashenzari.
  2245 | D:4      | Saw a vision of the Swamp and the Snake Pit.
  2245 | D:4      | Noticed a bunyip
  2245 | D:4      | Noticed a goliath frog
  2245 | D:4      | Noticed a tyrant leech
  2245 | D:4      | Noticed a shock serpent
  2245 | D:4      | Noticed a black mamba
  2245 | D:4      | Noticed a black mamba
  2245 | D:4      | Noticed a naga mage
  2246 | D:4      | Noticed a naga mage
  2247 | D:4      | Noticed a naga warrior
  2247 | D:4      | Noticed a salamander
  2249 | D:4      | Noticed a will-o-the-wisp
  2279 | D:4      | Noticed Sigmund
  2292 | D:4      | Mangled by Sigmund

Illustrated notes

Levels and vault maps discovered:
D:1:      ncdulo_watergridlock, layout_loops_ring, ebering_ecumenical_altar_box,
          nicolae_figureground_sparkle
D:2:      layout_basic
D:3:      layout_basic, serial_bayou, serial_bayou_crossing,
          serial_bayou_lagoon_a, serial_bayou_pond_c, serial_bayou_pond_b,
          serial_bayou_lake_a, minmay_pentomino_pile
D:4:      layout_loops_ring, mainiacjoe_overflow_surrounded_room,
          nicolae_tso_swordbearing_angel, grunt_ashenzari_visionary
          [grunt_ashenzari_visionary_swamp, grunt_ashenzari_visionary_snake],
          hangedman_abyss_or_decor_lesser_grid, sigmund_edmund_badplayer

Skill      XL: |  1  2  3  4  5 |
---------------+----------------+-----
Shields        | 3 4 |  4.0
Fighting       | 3 4 |  4.0
Unarmed Combat | 3 |  3.6
Armour         | |  2.4

Action                     |  1- 3 |  4- 6 || total
---------------------------+-------+-------++-------
  Melee: Unarmed           |    98 |   120 ||   218
         Bite              |    21 |    32 ||    53
  Throw: Throwing net      |       |     2 ||     2
    Use: Scroll            |       |    10 ||    10
         Potion            |       |     3 ||     3
   Stab: Held in net/web   |       |     1 ||     1
 Armour: Scale mail        |    61 |    54 ||   115
  Dodge: Dodged            |    24 |    38 ||    62
  Block: Buckler           |    29 |    26 ||    55

Table legend: (Time is in decaauts)
 A = Elapsed time spent in this place.
 B = Non-inter-level travel time spent in this place.
 C = Inter-level travel time spent in this place.
 D = Time resting spent in this place.
 E = Time spent auto-exploring this place.
 F = Levels seen in this place.
 G = Mean time per level.
                   A        B        C        D        E       F      G
               +--------+--------+--------+--------+--------+-----+--------+
         Total |   2318 |   2268 |     50 |     62 |   1561 |   4 |  579.5 |
       Dungeon |   2318 |   2268 |     50 |     62 |   1561 |   4 |  579.5 |
               +--------+--------+--------+--------+--------+-----+--------+

Top non-repeatable levels by time:
     D:3: 849 daAuts
     D:1: 692 daAuts
     D:2: 623 daAuts
     D:4: 152 daAuts
